 Dungeon Crawl Stone Soup version 0.27.1-33-g824d729ab1 (webtiles) character file.

Game seed: 10328159488029197716

2624 pkoi the Martial Artist (level 9, -17/70 HPs)
             Began as a Pale Draconian Monk on Dec 17, 2021.
             Was a Believer of Dithmenos.
             Demolished by a two-headed ogre (26 damage)
             ... on level 7 of the Dungeon.
             The game lasted 00:13:16 (9343 turns).

pkoi the Martial Artist (Pale Draconian Monk)       Turns: 9343, Time: 00:13:17

Health: -17/70     AC:  7    Str: 13    XL:     9   Next: 34%
Magic:  9/9        EV: 15    Int: 13    God:    Dithmenos [**....]
Gold:   305        SH:  0    Dex: 21    Spells: 8/8 levels left

rFire    . . .     SeeInvis .     - Unarmed
rCold    . . .     Faith    .   (no shield)
rNeg     . . .     Spirit   .   (armour unavailable)
rPois    .         Reflect  .   (helmet restricted)
rElec    .         Harm     .   (no cloak)
rCorr    .         Rampage  .   (no gloves)
Will     .....                  (no boots)
Stlth    +++.......             s - amulet of regeneration
HPRegen  1.21/turn              k - +6 ring of dexterity
MPRegen  0.11/turn              (no ring)

@: about to teleport, short of breath, wreathed by umbra
A: breathe steam, AC +7, unfitting armour, cold-blooded, steam resistance
a: Breathe Steam, Renounce Religion, Shadow Step


You were on level 7 of the Dungeon.
You worshipped Dithmenos.
Dithmenos was pleased with you.
You visited 2 branches of the dungeon, and saw 8 of its levels.

You collected 305 gold pieces.

Inventory:

Hand Weapons
 a - a +0 short sword of speed
 d - a +3 spear of freezing
Armour
 w - a +2 buckler
Jewellery
 k - a +6 ring of dexterity (left hand)
 s - an amulet of regeneration (around neck)
Wands
 n - a wand of mindburst (12)
 t - a wand of paralysis (13)
 v - a wand of iceblast (6)
Scrolls
 c - a scroll of vulnerability
 f - 2 scrolls of identify
 g - 2 scrolls of fear
 i - a scroll of magic mapping
 j - 3 scrolls of immolation
 l - a scroll of teleportation
 u - a scroll of fog
Potions
 b - a potion of attraction
 e - a potion of flight
 h - 2 potions of curing
 o - a potion of ambrosia
 q - a potion of might


   Skills:
 - Level 3.2 Fighting
 + Level 5.1 Dodging
 - Level 1.7 Stealth
 * Level 12.0 Unarmed Combat


You had 8 spell levels left.
You didn't know any spells.
Your spell library contained the following spells:

 Spells                   Type           Power      Damage    Failure   Level
 Slow                     Hex            0%         N/A       43%         2
 Call Canine Familiar     Summ           0%         N/A       67%         3
 Confusing Touch          Hex            0%         N/A       67%         3
 Portal Projectile        Hex/Tloc       0%         N/A       67%         3
 Vampiric Draining        Necr           0%         2d6       67%         3
 Leda's Liquefaction      Hex/Erth       0%         N/A       97%         4


Dungeon Overview and Level Annotations

Branches:
Dungeon (7/15)             Temple (1/1) D:6

Altars:
Dithmenos
Elyvilon
Gozag
Kikubaaqudgha
Nemelex Xobeh
Okawaru
Qazlal
Ru
Sif Muna
Trog
Uskayaw
Yredelemnul
Zin
The Shining One
Lugonu

Shops:
D:3 :

Annotations:
D:2 1 runed translucent door, Crazy Yiuf
D:4 Sigmund


Innate Abilities, Weirdness & Mutations

You can breathe blasts of scalding, opaque steam.
Your pale cyan-grey scales are hard. (AC +7)
You cannot fit into any form of body armour.
You are cold-blooded and may be slowed by cold attacks.
You are immune to the effects of steam.


Message History

The vampire mosquito is engulfed in a cloud of scalding steam.
The vampire mosquito misses you.
The vampire mosquito is engulfed in a cloud of scalding steam.
The vampire mosquito bites you.
The vampire mosquito draws strength from your injuries!
Unknown command.
You punch the vampire mosquito! x2
The vampire mosquito is severely damaged.
The vampire mosquito is engulfed in a cloud of scalding steam.
The vampire mosquito completely misses you.
You closely miss the vampire mosquito.
The vampire mosquito is almost destroyed.
The vampire mosquito is engulfed in a cloud of scalding steam.
The vampire mosquito bites you!
* * * LOW HITPOINT WARNING * * *
The vampire mosquito draws strength from your injuries!
The vampire mosquito is engulfed in a cloud of scalding steam.
You destroy the vampire mosquito!
Dithmenos accepts your kill.
Your Dodging skill increases to level 5!
The scorpion stings you.
* * * LOW HITPOINT WARNING * * *
The two-headed ogre is engulfed in a cloud of scalding steam.
The two-headed ogre hits you with a +0 giant club!
* * * LOW HITPOINT WARNING * * *
The two-headed ogre hits you with a +0 giant spiked club!
* * * LOW HITPOINT WARNING * * *
The scorpion is engulfed in a cloud of scalding steam.
The scorpion stings you!
* * * LOW HITPOINT WARNING * * *
Unknown command.
The scorpion is engulfed in a cloud of scalding steam.
There is an open door here.
Dithmenos accepts your kill.
You feel a bit more experienced.
Your Unarmed Combat skill increases to level 12!
As you read the scroll of teleportation, it crumbles to dust.
You feel strangely unstable. The two-headed ogre misses you.
The two-headed ogre hits you with a +0 giant spiked club!!
You die...

#..#****,#.#**,⌠.###.#**,,,#..#
##.#*,,,*#..#**$###..#,,,,,#...
#o########..#####.§########..#
#..o.§...##..#.#..##..........
####.###..##..#.s##..#......##
#.#*#...###'###..###.....##
#.##..#.........## #.....##
#.##.#####O###..# #.....##
#.........@###.## #.)...##
##########.....# ########
###.### # #.# ######## # #.#
#......##### #.###.####......
#..K....##..#### #####.#.....#
#.####.##


You could see a two-headed ogre.

Vanquished Creatures
  A shadow (D:6)
  A vampire mosquito (D:7)
  Menkaure (D:6)
  A water moccasin (D:7)
  An ice beast (D:6)
  A hornet zombie (D:5)
  2 necrophages
  A sky beast (D:6)
  A black bear (D:6)
  3 orc warriors
  A centaur (D:7)
  A phantom (D:6)
  A kobold brigand (D:7)
  A gnoll sergeant (D:7)
  3 scorpions
  A killer bee (D:7)
  A wight (D:7)
  2 howler monkeys
  An orc priest (D:5)
  2 hounds
  A centaur skeleton (D:6)
  3 bullfrog skeletons
  4 jellies
  2 scorpion zombies (D:5)
  2 iguanas
  2 orc wizards (D:6)
  3 gnolls (D:6)
  5 adders
  A shadow imp (D:6)
  2 white imps (D:5)
  An ufetubus (D:5)
  An adder skeleton (D:3)
  A worm (D:3)
  3 dart slugs
  14 orcs
  6 ball pythons
  8 bats
  7 endoplasms
  2 giant cockroaches
  8 goblins
  10 hobgoblins
  4 jackals (D:1)
  5 quokkas
  4 frilled lizards
  7 kobolds
  8 rats
141 creatures vanquished.

Vanquished Creatures (others)
  5 fungi (D:2)
  5 plants (D:6)
10 creatures vanquished.

Grand Total: 151 creatures vanquished

Notes
Turn   | Place    | Note
-------+----------+-------------------------------------------
     0 | D:1      | pkoi the Draconian Monk began the quest for the Orb.
     0 | D:1      | Reached XP level 1. HP: 19/19 MP: 1/1
   162 | D:1      | Reached XP level 2. HP: 24/26 MP: 2/2
   366 | D:1      | Reached skill level 4 in Unarmed Combat
   624 | D:1      | Reached XP level 3. HP: 27/31 MP: 3/3
  1303 | D:2      | Noticed Sigmund
  2149 | D:2      | Found a runed translucent door.
  2150 | D:2      | Noticed Crazy Yiuf
  2193 | D:3      | Reached XP level 4. HP: 38/38 MP: 4/4
  2299 | D:3      | Reached skill level 5 in Unarmed Combat
  2900 | D:3      | Found a hide-covered altar of Uskayaw.
  2976 | D:3      | Found Xeohaoxinwe's Book Shop.
  3382 | D:3      | Found a faded altar of an unknown god.
  3892 | D:4      | Reached XP level 5. HP: 32/45 MP: 5/5
  4134 | D:4      | Reached skill level 6 in Unarmed Combat
  4519 | D:4      | Found an ancient bone altar of Kikubaaqudgha.
  4618 | D:4      | Found a white marble altar of Elyvilon.
  4621 | D:4      | Noticed an orc warrior
  4812 | D:5      | Entered Level 5 of the Dungeon
  5316 | D:5      | Reached XP level 6. HP: 45/51 MP: 6/6
  5332 | D:5      | Reached skill level 7 in Unarmed Combat
  5556 | D:5      | Reached skill level 8 in Unarmed Combat
  5940 | D:5      | Your scales start taking on a pale cyan-grey colour.
  5940 | D:5      | Reached XP level 7. HP: 57/57 MP: 7/7
  5940 | D:5      | Gained mutation: You are immune to the effects of steam.
                  | [Pale Draconian growth]
  6450 | D:5      | Reached skill level 9 in Unarmed Combat
  7136 | D:6      | Noticed Menkaure
  7138 | D:6      | Found an opulent altar of Gozag.
  7157 | D:6      | Killed Menkaure
  7158 | D:6      | Reached XP level 8. HP: 52/63 MP: 8/8
  7326 | D:6      | Found a shadowy altar of Dithmenos.
  7334 | D:6      | Reached skill level 10 in Unarmed Combat
  7337 | D:6      | Became a worshipper of Dithmenos the Shadowed
  7337 | D:6      | Reached * piety under Dithmenos
  7337 | D:6      | Reached ** piety under Dithmenos
  7429 | D:6      | Found a sacrificial altar of Ru.
  7571 | D:6      | Found a sparkling altar of Nemelex Xobeh.
  7809 | D:6      | Found a staircase to the Ecumenical Temple.
  7818 | Temple   | Entered the Ecumenical Temple
  7971 | D:6      | Reached skill level 11 in Unarmed Combat
  8503 | D:7      | Found a stormy altar of Qazlal.
  8812 | D:7      | Reached XP level 9. HP: 61/70 MP: 9/9
  9323 | D:7      | Noticed an eight-headed hydra
  9323 | D:7      | Noticed a two-headed ogre
  9338 | D:7      | Reached skill level 5 in Dodging
  9338 | D:7      | HP: 3/70 [scorpion (8)]
  9341 | D:7      | Reached skill level 12 in Unarmed Combat
  9343 | D:7      | Demolished by a two-headed ogre

Illustrated notes

Levels and vault maps discovered:
D:1:      scummos_arrival_star, layout_loops_cross
D:2:      layout_loops_corners, uniq_sigmund, uniq_crazy_yiuf_cottage
D:3:      layout_basic, nicolae_uskayaw_dance_hall,
          hellmonk_ecumenical_altar_inner_sanctum, serial_shops,
          nicolae_square_shop, minmay_misc_feat_iff
D:4:      layout_layer_cave, elyvilon_altar_3, kiku_gazebo_pond_becter
D:5:      layout_basic, minmay_bent
D:6:      layout_cave_pods, nicolae_ru_sacrificial_ziggurat,
          nicolae_gozag_seed_capital, mainiacjoe_overflow_brackets,
          grunt_dithmenos_shadows, minmay_temple_entry_gardened_gates,
          kennysheep_generic_room_6, uniq_menkaure
D:7:      minmay_the_grid_octo_tiled_squarecenter
          [minmay_the_grid_octo_fat_diamond,
          minmay_the_grid_octo_vomiting_pacman, minmay_the_grid_octo_chip,
          minmay_the_grid_octo_toaster,
          minmay_the_grid_square_5x5_megaprize_checkered,
          minmay_the_grid_square_5x5_inset,
          minmay_the_grid_square_5x5_two_small,
          minmay_the_grid_square_5x5_intrusive_squares,
          minmay_the_grid_square_5x5_n], layout_loops_cross,
          grunt_qazlal_clouds, uniq_prince_ribbit1
Temple:   corrupted_temple

Skill      XL: |  1  2  3  4  5  6  7  8  9 |
---------------+----------------------------+-----
Unarmed Combat | 4 5 6 8 9 11 12 | 12.0
Dodging        | 4 5 |  5.1
Fighting       | |  3.2
Stealth        | |  1.7

Action                   |  1- 3 |  4- 6 |  7- 9 || total
-------------------------+-------+-------+-------++-------
Melee: Unarmed           |   104 |    96 |   177 ||   377
       Tailslap          |    13 |    21 |    30 ||    64
       Punch             |     2 |     5 |     8 ||    15
       Spear             |    36 |    89 |       ||   125
 Abil: Breathe Steam     |       |       |    10 ||    10
  Use: Scroll            |       |     1 |    15 ||    16
       Potion            |       |     1 |       ||     1
 Stab: Sleeping          |     8 |     7 |     4 ||    19
Armor: Skin              |    49 |    40 |    30 ||   119
Dodge: Dodged            |    86 |    87 |   101 ||   274
